 Dungeon Crawl Stone Soup version 0.28.0-49-g6dfe1f597d (webtiles) character file.

Game seed: 2156877166439910904

202 Zeld the Chiller (level 5, 0/38 HPs)
             Began as a Ghoul Ice Elementalist on May 12, 2022.
             Slain by a bullfrog (2 damage)
             ... in a sewer.
             The game lasted 00:04:02 (4283 turns).

Zeld the Chiller (Ghoul Ice Elementalist)           Turns: 4283, Time: 00:04:03

Health: 0/38       AC:  2    Str: 12    XL:     5   Next: 80%
Magic:  9/9        EV:  9    Int: 12    God:
Gold:   103        SH:  0    Dex:  9    Spells: 3/10 levels left

rFire   . . .      SeeInvis .   (no weapon)
rCold   + . .      Faith    .   (no shield)
rNeg    + + +      Spirit   .   a - +0 robe
rPois   ∞          Reflect  .   (no helmet)
rElec   .          Harm     .   (no cloak)
rCorr   .          Rampage  .   (no gloves)
Will    .....                   (no boots)
Stlth   +.........              (no amulet)
HPRegen 0.00/turn               (no ring)
MPRegen 0.11/turn               (no ring)

@: inhibited regen, constricted, very slow
A: claws 1, cold resistance 1, negative energy resistance 3, inhibited
regeneration, torment resistance 2
a: no special abilities


You were in a sewer.
You visited 1 branch of the dungeon, and saw 3 of its levels.
You also visited: Sewer.

You collected 103 gold pieces.

Inventory:

Armour
 a - a +0 robe (worn)
Scrolls
 b - 4 scrolls of identify {unknown}
 c - 2 scrolls of teleportation {unknown}
 d - a scroll of fear {unknown}
 h - a scroll of fog {unknown}
 j - a scroll of summoning {unknown}
Potions
 e - a potion of attraction {unknown}
 f - a potion of might {unknown}
 g - a potion of cancellation {unknown}
 i - a potion of berserk rage {unknown}


   Skills:
 + Level 2.8 Dodging
 - Level 2.1 Stealth
 * Level 3.3 Spellcasting
 * Level 5.8 Ice Magic


You had 3 spell levels left.
You knew the following spells:

 Your Spells              Type           Power      Damage    Failure   Level
a - Freeze                Ice            64%        1d8       2%          1
b - Frozen Ramparts       Ice            32%        1d5       6%          3
c - Ozocubu's Armour      Ice            16%        N/A       6%          3

Your spell library contained the following spells:

 Spells                   Type           Power      Damage    Failure   Level
 Hailstorm                Conj/Ice       9%         3d4       56%         4


Dungeon Overview and Level Annotations

Branches:
Dungeon (3/15)              Sewer (1/1)

Altars:


Innate Abilities, Weirdness & Mutations

You thrive by killing the living.
You are immune to poison.
You have sharp fingernails.
Your flesh is cold resistant. (rC+)
You are immune to negative energy. (rN+++)
You do not regenerate when monsters are visible.
You are immune to unholy pain and torment.


Message History

You enter the shallow water.
Moving in this stuff is going to be slow.
A ball python and an adder come into view.
The ball python hisses angrily.
The adder hisses angrily.
You hear an angry hiss. x3
A ball python comes into view. x2; An adder comes into view.
A bullfrog comes into view.
You enter the shallow water.
Moving in this stuff is going to be slow.
The adder hisses angrily.
A bullfrog comes into view.
A frilled lizard comes into view.
A ball python comes into view.
The adder bites you. x2
The bullfrog gives a loud, deep croak!
You hear an angry hiss.
The adder misses you. x2
The ball python bites you but does no damage.
The ball python misses you. The bullfrog hits you!
The adder closely misses you. The ball python bites you.
The ball python closely misses you.
A ball python comes into view.
The bullfrog misses you. The adder closely misses you.
The bullfrog hits you but does no damage.
The adder misses you. The ball python bites you. The ball python grabs you.
The ball python constricts you. The adder bites you.
The bullfrog barely misses you. x2
You escape the ball python's grasp.
The adder bites you. The adder barely misses you. The bullfrog misses you.
The ball python barely misses you. The ball python closely misses you.
The bullfrog closely misses you. The adder bites you.
* * * LOW HITPOINT WARNING * * *
The adder barely misses you. The bullfrog hits you!
* * * LOW HITPOINT WARNING * * *
The ball python bites you.
* * * LOW HITPOINT WARNING * * *
The ball python grabs you. The ball python constricts you.
* * * LOW HITPOINT WARNING * * *
The bullfrog hits you.
You die...

####################
..≈≈≈≈≈≈≈≈≈≈≈≈≈≈≈#.###
S.≈≈≈≈≈≈..≈≈≈≈≈≈≈....##
.≈≈≈≈≈≈≈S≈#≈≈SS≈≈.....#
.≈≈≈≈≈≈≈≈≈l≈≈SF@≈≈....#
F≈≈≈≈≈≈≈≈≈≈≈≈SFS≈≈....##
.#≈S≈≈≈≈≈≈≈≈≈≈S≈≈......#
##################....#
####...## #..#....#
#..'....# #####†..#
##...##


You could see 2 bullfrogs, 2 adders, 5 ball pythons and a frilled lizard.

Vanquished Creatures
  A gnoll (D:2)
  6 adders
  5 river rats
  A worm (D:3)
  2 dart slugs
  14 ball pythons
  4 endoplasms
  8 giant cockroaches
  5 hobgoblins
  2 jackals (D:2)
  3 quokkas
  4 bats
  4 frilled lizards
  9 kobolds
  29 rats
97 creatures vanquished.

Notes
Turn   | Place    | Note
-------+----------+-------------------------------------------
     0 | D:1      | Zeld the Ghoul Ice Elementalist began the quest for the
                  | Orb.
     0 | D:1      | Reached XP level 1. HP: 14/14 MP: 2/2
   263 | D:1      | Reached XP level 2. HP: 17/20 MP: 0/4
   932 | D:1      | Reached XP level 3. HP: 26/26 MP: 2/5
   936 | D:1      | Learned a level 3 spell: Frozen Ramparts
  1639 | D:2      | Found a faded altar of an unknown god.
  1686 | D:2      | Reached skill level 5 in Ice Magic
  1784 | D:2      | Reached XP level 4. HP: 33/33 MP: 4/6
  1788 | D:2      | Learned a level 3 spell: Ozocubu's Armour
  3000 | D:3      | Found a glowing drain.
  3005 | Sewer    | Entered a sewer
  3188 | Sewer    | Reached XP level 5. HP: 23/38 MP: 0/8
  4283 | Sewer    | Slain by a bullfrog

Illustrated notes

Levels and vault maps discovered:
D:1:      giann_bridges, layout_basic, kennysheep_decorative_pillar
D:2:      layout_basic, shapermc_ecumenical_altar_mp_ritualfount,
          cheibrodos_gnoll_hut
D:3:      layout_loops_ring, gup_sewer_entry_bowl, item_on_display_a
Sewer:    sewer_minmay_w

Skill      XL: |  1  2  3  4 |
---------------+-------------+-----
Spellcasting   | 2 3 |  3.3
Dodging        | 2 |  2.8
Ice Magic      | 5 |  5.8
Stealth        | |  2.1

Action                   |  1- 3 |  4- 6 || total
-------------------------+-------+-------++-------
Melee: Unarmed           |    39 |    57 ||    96
       Punch             |       |     1 ||     1
 Cast: Freeze            |    45 |    73 ||   118
       Frozen Ramparts   |       |     5 ||     5
 Stab: Sleeping          |     1 |       ||     1
Armor: Robe              |    17 |    21 ||    38
Dodge: Dodged            |    46 |   114 ||   160
